AoeStats
← ggeatom

Hideout

509161861Analyzed
1v1 RM · 6d ago on Sep 25, 2026· 40m 42s· 2 players
Game mode
Random Map
Map size
Tiny (2 player)
Population
200
Speed
Normal
Resources
Standard
Victory
Conquest
Starting age
Dark Age
Ending age
Imperial Age
RankedLock teamsTeams togetherTeam positionsShared explorationLock speedFull tech treeHidden civsTurbo modeCheats
Victory
Defeat
🇲🇽 Slavs · Mexico
1227
+15
🇮🇱 Malay · Israel
1210
-15
LowEloNOTLegend
4:24 Loom
9:41 Feudal Age
15:52 Fletching
21:18 Castle Age
21:01 Scale Barding Armor
21:37 Forging
24:58 Gold Mining
32:36 Iron Casting
35:51 Imperial Age
34:25 Double-Bit Axe
35:40 Padded Archer Armor
35:47 Stone Mining
38:50 Crossbowman
40:42 Wheelbarrow
40:33 Leather Archer Armor
ggeatom
9:43 Feudal Age
9:46 Man-at-Arms
10:38 Double-Bit Axe
18:55 Castle Age
16:38 Horse Collar
16:51 Gold Mining
17:19 Loom
18:09 Wheelbarrow
17:23 Town Watch
18:14 Wheelbarrow
18:23 Forging
20:33 Iron Casting
20:11 Bow Saw
20:02 Heavy Plow
22:50 Wheelbarrow
22:41 Long Swordsman
23:22 Scale Mail Armor
23:53 Squires
24:37 Chain Mail Armor
24:16 Fletching
25:36 Pikeman
29:06 Scale Barding Armor
29:20 Chain Mail Armor
29:39 Hand Cart
29:41 Bloodlines
29:31 Husbandry
32:21 Stone Mining
36:57 Imperial Age
34:02 Light Cavalry
35:00 Scale Barding Armor
36:01 Chain Barding Armor
38:06 Gold Shaft Mining
38:13 Plate Mail Armor
37:50 Halberdier
39:34 Blast Furnace
40:00 Two-Man Saw
39:31 Crop Rotation
39:09 Siege Engineers
38:28 Capped Ram
39:54 Conscription
40:03 Siege Ram
Connection lost

Rejoining the realm…

Still unreachable

The connection could not be restored.

Session expired

The server has moved on; the page needs a fresh start.